 Dungeon Crawl Stone Soup version 0.25.0-41-g26779e291d (webtiles) character file.

Game seed: 3337854530163630880

44 Ethylacetat the Insei (level 3, -3/23 HPs)
             Began as an Octopode Transmuter on July 10, 2020.
             Slain by a white imp (5 damage)
             ... summoned by Natasha
             ... on level 2 of the Dungeon.
             The game lasted 00:01:59 (1825 turns).

Ethylacetat the Insei (Octopode Transmuter)         Turns: 1825, Time: 00:02:01

Health: -3/23      AC:  1    Str: 10    XL:     3   Next: 60%
Magic:  7/7        EV: 13    Int: 15    God:
Gold:   48         SH:  0    Dex: 12    Spells: 6/7 levels left

rFire    . . .     SeeInvis .     - Unarmed
rCold    . . .     Gourm    .   (no shield)
rNeg     . . .     Faith    .   (helmet restricted)
rPois    .         Spirit   .   (no amulet)
rElec    .         Reflect  .   (no ring)
rCorr    .         Harm     .   (no ring)
MR       .....                  (no ring)
Stlth    ++........             (no ring)
HPRegen  0.07/turn              (no ring)
MPRegen  0.10/turn              (no ring)
                                (no ring)
                                (no ring)

@: appendage (expiring)
A: almost no armour, stealthy swim, amphibious, 8 rings, constrict 8, tentacle
spike 3, camouflage 1, gelatinous body 1
a: End Transformation


You were on level 2 of the Dungeon.
You were hungry.
One of your tentacles had a temporary spike.
You visited 1 branch of the dungeon, and saw 2 of its levels.

You collected 48 gold pieces.

Inventory:

Missiles
 a - 45 arrows
Jewellery
 h - an uncursed ring of protection from magic {unknown}
Scrolls
 d - 2 scrolls of identify {unknown}
 e - 2 scrolls of noise {unknown}
 f - a scroll of amnesia {unknown}
 i - 2 scrolls of teleportation {unknown}
 j - a scroll of magic mapping {unknown}
Potions
 b - a potion of flight {unknown}
 g - a potion of invisibility {unknown}
 k - a potion of resistance {unknown}
 l - 2 potions of heal wounds {unknown}
 m - a potion of curing {unknown}
Comestibles
 c - 4 rations


   Skills:
 - Level 1.0 Fighting
 - Level 2.0 Dodging
 - Level 3.0 Unarmed Combat
 + Level 2.9 Spellcasting
 + Level 3.0 Transmutations


You had 6 spell levels left.
You knew the following spells:

 Your Spells              Type           Power        Failure   Level  Hunger
a - Beastly Appendage     Tmut           ##....       6%          1    #......

Your spell library contained the following spells:

 Spells                   Type           Power        Failure   Level  Hunger
 Sticks to Snakes         Tmut           ##......     9%          2    ##.....
 Spider Form              Tmut/Pois      #.........   32%         3    ###....
 Ice Form                 Ice/Tmut       #.......     71%         4    #####..
 Blade Hands              Tmut           ##........   85%         5    ######.


Dungeon Overview and Level Annotations

Branches:
Dungeon (2/15)

Altars:
Kikubaaqudgha

Annotations:
D:2 Natasha


Innate Abilities, Weirdness & Mutations

You cannot wear most types of armour.
You are very stealthy in the water. (Stealth+)
You are amphibious.
You can wear up to eight rings at the same time.
You can use your tentacles to constrict eight enemies at once.
Your skin changes colour to match your surroundings (Stealth+).
Your rubbery body absorbs attacks. (AC +1, EV +1)
One of your tentacles bears a large vicious spike.


Message History

You are too injured to fight recklessly!
Unknown command.
You are too injured to fight recklessly!
Natasha mumbles some strange words.
You barely miss Natasha. You grab Natasha.
You constrict Natasha, but do no damage.
Natasha closely misses you. The white imp barely misses you.
You barely miss Natasha. You squeeze Natasha.
Natasha is moderately wounded.
You constrict Natasha. Natasha casts a spell at you. The magic dart hits you!
* * * LOW HITPOINT WARNING * * *
You tentacle-slap Natasha.
Natasha is heavily wounded.
Your transformation is almost over.
You constrict Natasha. The white imp hits you.
* * * LOW HITPOINT WARNING * * *
The white imp freezes you.
You die...

#.........# #
#.....###.........#
#
#.......#.........#
#
#.......#.........#
#
##.......#.........#
#
.........##)########
# .......##.# #
##5...##.# #
#h@...##.# #
#(...#..#.# #
#(8.#.....# #
#...#.....# #
##..#.....# #
##.......# #
.........# #
.........# #
#........# #


You could see Natasha and a white imp (summoned).

Vanquished Creatures
  An adder (D:2)
  A leopard gecko (D:2)
  2 ball pythons (D:1)
  2 giant cockroaches (D:1)
  A goblin (D:1)
  5 hobgoblins
  5 jackals
  3 kobolds
  A quokka (D:2)
  4 bats
  2 frilled lizards (D:1)
  5 rats
32 creatures vanquished.

Notes
Turn   | Place    | Note
-------+----------+-------------------------------------------
     0 | D:1      | Ethylacetat the Octopode Transmuter began the quest for the
                  | Orb.
     0 | D:1      | Reached XP level 1. HP: 13/13 MP: 3/3
   276 | D:1      | Reached XP level 2. HP: 18/18 MP: 5/5
  1146 | D:1      | You fall into a shaft and drop 1 floor!
  1181 | D:2      | Reached XP level 3. HP: 23/23 MP: 4/6
  1284 | D:2      | Found a faded altar of an unknown god.
  1526 | D:2      | Found an ancient bone altar of Kikubaaqudgha.
  1818 | D:2      | Noticed Natasha
  1825 | D:2      | Slain by a white imp

Illustrated notes

Levels and vault maps discovered:
D:1:      minmay_arrival_loop, layout_basic
D:2:      layout_basic, bloody_makhleb, marbit_many_paths,
          chequers_ecumenical_altar_simple_redux, mrwooster_statue_mirror,
          moated_statue, uniq_natasha, uniq_terence

Skill      XL: |  1  2  3 |
---------------+----------+-----
Transmutations | 3 |  3.0
Fighting       | |  1.0
Dodging        | |  2.0
Unarmed Combat | |  3.0
Spellcasting   | |  2.9

Action                   || total
-------------------------++-------
Melee: Unarmed           ||    66
       Constrict         ||    20
       Tentacles         ||    14
       Kick              ||     1
 Cast: Beastly Appendage ||     8
 Stab: Sleeping          ||    10
  Eat: Chunk             ||     2
Armor: Skin              ||     3
Dodge: Dodged            ||    44
